[Event "FICS rated blitz game"]
[Site "FICS freechess.org"]
[FICSGamesDBGameNo "20000338"]
[White "Galuel"]
[Black "samha"]
[WhiteElo "1830"]
[BlackElo "1244"]
[WhiteRD "na"]
[BlackRD "na"]
[TimeControl "180+0"]
[Date "1999.03.24"]
[Time "15:56:00"]
[WhiteClock "0:03:00.000"]
[BlackClock "0:03:00.000"]
[ECO "C53"]
[PlyCount "55"]
[Result "1-0"]

1. e4 e5 2. Nf3 Nc6 3. Bc4 Bc5 4. c3 h6 5. d4 exd4 6. cxd4 Bb4+ 7. Nc3 Nf6 8. e5 Ne4 9. O-O Nxc3 10. bxc3 Bxc3 11. Ba3 Bxa1 12. Qb3 d5 13. exd6 Qf6 14. Re1+ Be6 15. Bxe6 fxe6 16. Rxe6+ Kf7 17. Rxf6+ Kxf6 18. Qxb7 Nxd4 19. dxc7 Nxf3+ 20. Qxf3+ Kg6 21. h4 Rhe8 22. h5+ Kh7 23. g4 Re1+ 24. Kg2 Rc8 25. Qf5+ Kg8 26. Qxc8+ Kh7 27. Qf5+ Kh8 28. c8=Q+ {Black resigns} 1-0

[Event "FICS rated blitz game"]
[Site "FICS freechess.org"]
[FICSGamesDBGameNo "20000337"]
[White "socksshep"]
[Black "mvr"]
[WhiteElo "1067"]
[BlackElo "1008"]
[WhiteRD "na"]
[BlackRD "na"]
[TimeControl "180+3"]
[Date "1999.03.24"]
[Time "15:22:00"]
[WhiteClock "0:03:00.000"]
[BlackClock "0:03:00.000"]
[ECO "A04"]
[PlyCount "69"]
[Result "1-0"]

1. Nf3 d6 2. g3 e5 3. e4 Nf6 4. d3 Nc6 5. Bg2 b6 6. O-O Bb7 7. Bg5 Be7 8. Bxf6 Bxf6 9. Nbd2 O-O 10. c4 Nb4 11. Qa4 Nxd3 12. Qb3 Nc5 13. Qd1 Nxe4 14. Nxe4 Bxe4 15. Qe1 Bd3 16. Nxe5 Bxf1 17. Bxa8 Bxe5 18. Qxf1 Qxa8 19. Qg2 Bxb2 20. Qxa8 Rxa8 21. Re1 Bc3 22. Re3 Bd4 23. Re7 c6 24. h4 f6 25. Rd7 Be5 26. f4 Bd4+ 27. Kg2 d5 28. cxd5 cxd5 29. Rxd5 Bc5 30. a4 Re8 31. a5 Re2+ 32. Kf3 Re3+ 33. Kg4 Ra3 34. axb6 axb6 35. Kf5 {Black forfeits on time} 1-0

[Event "FICS rated blitz game"]
[Site "FICS freechess.org"]
[FICSGamesDBGameNo "20000336"]
[White "ikabod"]
[Black "tame"]
[WhiteElo "1280"]
[BlackElo "1258"]
[WhiteRD "na"]
[BlackRD "na"]
[TimeControl "300+10"]
[Date "1999.03.24"]
[Time "13:24:00"]
[WhiteClock "0:05:00.000"]
[BlackClock "0:05:00.000"]
[ECO "A45"]
[PlyCount "199"]
[Result "1-0"]

1. d4 Nf6 2. f4 d5 3. Nf3 Nc6 4. e3 Bg4 5. Be2 e6 6. O-O Ne4 7. c3 Be7 8. Ne5 Bxe2 9. Qxe2 O-O 10. Nd2 Bh4 11. Nxe4 Nxe5 12. fxe5 dxe4 13. Qg4 Qg5 14. Qxe4 Rab8 15. Rf4 f5 16. Qf3 Qh6 17. Qf1 Bg5 18. Rf3 Rf7 19. Rh3 Qg6 20. Bd2 Rbf8 21. Qe2 f4 22. exf4 Bxf4 23. Bxf4 Rxf4 24. Rg3 Qf5 25. h3 Re4 26. Qd2 Rf4 27. Re1 Rf2 28. Qe3 Rxb2 29. Rg5 Qf2+ 30. Kh2 Qxe3 31. Rxe3 Rxa2 32. c4 a5 33. d5 Re8 34. d6 cxd6 35. exd6 Rd2 36. c5 a4 37. Rge5 Kf7 38. Rf3+ Kg8 39. Ra3 Rd4 40. Ree3 e5 41. Red3 Rxd3 42. Rxd3 e4 43. Rd4 e3 44. d7 Rd8 45. Rxa4 Rxd7 46. Re4 Rc7 47. Re5 e2 48. Rxe2 Rxc5 49. Re7 b5 50. Rb7 h6 51. g4 g6 52. Kg3 Rc3+ 53. Kh4 Rb3 54. g5 h5 55. Rb6 Kf7 56. Rb7+ Ke6 57. Rb6+ Kf5 58. Rf6+ Ke5 59. Rxg6 b4 60. Rb6 Kf5 61. g6 Rb1 62. Kxh5 b3 63. h4 b2 64. g7 Rg1 65. Rxb2 Rxg7 66. Rf2+ Ke6 67. Kh6 Rg8 68. h5 Rh8+ 69. Kg6 Rg8+ 70. Kh7 Rg4 71. h6 Rg5 72. Kh8 Ke7 73. h7 Rg6 74. Rf5 Ke8 75. Re5+ Kf7 76. Rf5+ Ke8 77. Re5+ Kf7 78. Rf5+ Ke8 79. Rf4 Rg5 80. Rf6 Ke7 81. Rf2 Ke8 82. Ra2 Kf7 83. Ra7+ Kf8 84. Ra8+ Kf7 85. Rd8 Rg6 86. Rd7+ Kf8 87. Rd8+ Kf7 88. Rg8 Rh6 89. Rg7+ Kf8 90. Rg8+ Kf7 91. Rg5 Kf8 92. Rg4 Kf7 93. Rf4+ Kg6 94. Rg4+ Kf7 95. Rg8 Kf6 96. Rg7 Rh5 97. Kg8 Rd5 98. h8=Q Rd8+ 99. Kh7 Rxh8+ 100. Kxh8 {Black resigns} 1-0

[Event "FICS rated blitz game"]
[Site "FICS freechess.org"]
[FICSGamesDBGameNo "20000335"]
[White "meteore"]
[Black "pinda"]
[WhiteElo "1810"]
[BlackElo "1845"]
[WhiteRD "na"]
[BlackRD "na"]
[TimeControl "180+0"]
[Date "1999.03.24"]
[Time "12:49:00"]
[WhiteClock "0:03:00.000"]
[BlackClock "0:03:00.000"]
[ECO "A40"]
[PlyCount "81"]
[Result "1-0"]

1. d4 g6 2. c3 Bg7 3. e4 c6 4. Bg5 d6 5. Nd2 Nd7 6. Ngf3 Ngf6 7. Be2 O-O 8. O-O Qa5 9. Re1 e5 10. Nc4 Qc7 11. dxe5 dxe5 12. Bf1 h6 13. Bh4 g5 14. Bg3 Ne8 15. b4 b5 16. Ne3 Nd6 17. Qc2 Re8 18. c4 bxc4 19. Nxc4 Nxc4 20. Bxc4 Nb6 21. Bb3 Bg4 22. Nd2 Qe7 23. f3 Bd7 24. Bf2 Qxb4 25. Bc5 Qb5 26. a4 Qa6 27. Nc4 Nxc4 28. Bxc4 Qa5 29. Red1 Be6 30. Bxe6 Rxe6 31. Rd7 a6 32. Rad1 Rb8 33. h3 h5 34. Qc4 Rb2 35. Rd8+ Kh7 36. Be3 g4 37. hxg4 hxg4 38. fxg4 Rf6 39. g5 Rg6 40. Qxf7 Qxa4 41. Qg8# {Black checkmated} 1-0

[Event "FICS rated blitz game"]
[Site "FICS freechess.org"]
[FICSGamesDBGameNo "20000333"]
[White "abcdd"]
[Black "rememberme"]
[WhiteElo "1248"]
[BlackElo "1191"]
[WhiteRD "na"]
[BlackRD "na"]
[TimeControl "120+12"]
[Date "1999.03.24"]
[Time "09:03:00"]
[WhiteClock "0:02:00.000"]
[BlackClock "0:02:00.000"]
[ECO "C41"]
[PlyCount "50"]
[Result "0-1"]

1. e4 e5 2. Nf3 d6 3. Nc3 Nf6 4. Bc4 h6 5. O-O Be7 6. d4 exd4 7. Nxd4 O-O 8. Re1 Bd7 9. e5 dxe5 10. Rxe5 Bd6 11. Re1 Nc6 12. Nd5 Nxd5 13. Bxd5 Nxd4 14. Qxd4 c6 15. Bxf7+ Rxf7 16. Qxd6 Qh4 17. f3 Raf8 18. Be3 Bh3 19. Bf2 Qg5 20. g3 Rxf3 21. Re5 Qf6 22. Re2 Rxf2 23. Ree1 Rf1+ 24. Rxf1 Qxf1+ 25. Rxf1 Rxf1# {White checkmated} 0-1

[Event "FICS rated blitz game"]
[Site "FICS freechess.org"]
[FICSGamesDBGameNo "20000332"]
[White "lyu"]
[Black "petrit"]
[WhiteElo "1768"]
[BlackElo "1702"]
[WhiteRD "na"]
[BlackRD "na"]
[TimeControl "300+0"]
[Date "1999.03.23"]
[Time "16:40:00"]
[WhiteClock "0:05:00.000"]
[BlackClock "0:05:00.000"]
[ECO "C26"]
[PlyCount "112"]
[Result "0-1"]

1. a3 e5 2. e4 Nf6 3. Nc3 Bc5 4. Bc4 Nc6 5. Nge2 O-O 6. d3 a6 7. Bg5 h5 8. Ng3 g6 9. Nd5 Be7 10. Nxe7+ Qxe7 11. Qf3 Kg7 12. c3 d6 13. Qe3 Rh8 14. f4 Be6 15. O-O Bxc4 16. fxe5 Ng4 17. Qf4 Qxe5 18. dxc4 f6 19. h3 Qxg5 20. hxg4 Qxf4 21. Rxf4 h4 22. Ne2 Ne5 23. b3 g5 24. Rf5 Nxg4 25. Nd4 Rae8 26. Re1 h3 27. c5 h2+ 28. Kh1 Rh4 29. cxd6 cxd6 30. Rff1 Nh6 31. Nf3 Rhxe4 32. Rxe4 Rxe4 33. Kxh2 Re3 34. Rc1 Ng4+ 35. Kg3 Ne5 36. Kf2 Re4 37. Nd4 Kg6 38. Rd1 Nc6 39. Ne2 Re6 40. Rd3 Na5 41. c4 b5 42. cxb5 axb5 43. Nd4 Re5 44. Nf3 Rf5 45. Ke3 d5 46. Nd4 Re5+ 47. Kf2 Nb7 48. Nxb5 Nc5 49. Re3 Ne4+ 50. Ke1 d4 51. Nxd4 f5 52. b4 f4 53. Re2 Re8 54. Nf3 Kf5 55. Nd2 Re5 56. Nxe4 Rxe4 {White forfeits on time} 0-1

[Event "FICS rated blitz game"]
[Site "FICS freechess.org"]
[FICSGamesDBGameNo "20000331"]
[White "mtjab"]
[Black "Warsteiner"]
[WhiteElo "1839"]
[BlackElo "1890"]
[WhiteRD "na"]
[BlackRD "na"]
[TimeControl "240+0"]
[Date "1999.03.23"]
[Time "07:37:00"]
[WhiteClock "0:04:00.000"]
[BlackClock "0:04:00.000"]
[ECO "D01"]
[PlyCount "131"]
[Result "1-0"]

1. d4 d5 2. Nc3 Nf6 3. Bg5 c6 4. e3 Ne4 5. Nxe4 dxe4 6. c3 Bf5 7. Bf4 Nd7 8. Bc4 e6 9. Ne2 Qb6 10. Qb3 Qxb3 11. axb3 Be7 12. b4 O-O 13. h3 a6 14. g4 Bg6 15. Ng3 Nb6 16. Bb3 Nd5 17. Kd2 Bh4 18. Bd6 Rfe8 19. Bc5 Rad8 20. c4 Nf6 21. Bb6 Rd7 22. Rhg1 e5 23. Kc3 exd4+ 24. Bxd4 h6 25. Rad1 Nh7 26. Rgf1 Ng5 27. Nf5 Bxf5 28. gxf5 Nf3 29. c5 Nxd4 30. Rxd4 Bf6 31. Bc2 Bxd4+ 32. exd4 e3 33. Re1 Rde7 34. f3 f6 35. Be4 Rxe4 36. fxe4 Rxe4 37. Kd3 Rf4 38. Rxe3 Rxf5 39. Re7 Rf3+ 40. Kc4 Rxh3 41. Rxb7 f5 42. Rb6 f4 43. Rxc6 f3 44. Rxa6 Rh1 45. Ra8+ Kf7 46. Ra7+ Kg6 47. Ra3 f2 48. Rf3 f1=Q+ 49. Rxf1 Rxf1 50. b5 h5 51. b6 h4 52. b7 Rf8 53. c6 h3 54. c7 h2 55. c8=Q Rxc8+ 56. bxc8=Q h1=Q 57. Qe8+ Kh7 58. Qe3 Qc6+ 59. Kd3 Qb5+ 60. Kc2 Qa4+ 61. b3 Qa2+ 62. Kc3 Qa5+ 63. b4 Qa3+ 64. Kd2 Qb2+ 65. Kd3 Qxb4 66. Qe4+ {Black forfeits on time} 1-0

[Event "FICS rated blitz game"]
[Site "FICS freechess.org"]
[FICSGamesDBGameNo "20000330"]
[White "retsam"]
[Black "Gendalf"]
[WhiteElo "1411"]
[BlackElo "1525"]
[WhiteRD "na"]
[BlackRD "na"]
[TimeControl "120+12"]
[Date "1999.03.22"]
[Time "15:39:00"]
[WhiteClock "0:02:00.000"]
[BlackClock "0:02:00.000"]
[ECO "D31"]
[PlyCount "20"]
[Result "0-1"]

1. d4 d5 2. c4 e6 3. Nc3 Bb4 4. Qa4+ Nc6 5. Nf3 Bd7 6. cxd5 exd5 7. Bg5 f6 8. Bd2 Nxd4 9. Qxb4 Nc2+ 10. Kd1 Nxb4 {White resigns} 0-1

[Event "FICS rated lightning game"]
[Site "FICS freechess.org"]
[FICSGamesDBGameNo "20000329"]
[White "Wooky"]
[Black "rusty"]
[WhiteElo "1859"]
[BlackElo "1967"]
[WhiteRD "na"]
[BlackRD "na"]
[TimeControl "60+0"]
[Date "1999.03.22"]
[Time "15:02:00"]
[WhiteClock "0:01:00.000"]
[BlackClock "0:01:00.000"]
[ECO "A40"]
[PlyCount "59"]
[Result "1-0"]

1. d4 c6 2. Bf4 d5 3. Nd2 Nf6 4. Ngf3 Bf5 5. e3 e6 6. Nh4 Bg4 7. Be2 h5 8. Nhf3 Nbd7 9. Bg5 Be7 10. h3 Bf5 11. c3 g6 12. h4 Ng4 13. g3 O-O 14. Bxe7 Qxe7 15. Ng5 Kg7 16. Bxg4 Bxg4 17. f3 Qd6 18. Rg1 f6 19. fxg4 fxg5 20. gxh5 gxh5 21. Qxh5 Rf6 22. O-O-O Rg6 23. hxg5 Rh8 24. Qg4 b5 25. Nf3 a5 26. Rh1 Rxh1 27. Rxh1 Qe7 28. Qh5 Nf8 29. Qh8+ Kf7 30. Ne5+ {Black forfeits on time} 1-0

[Event "FICS rated blitz game"]
[Site "FICS freechess.org"]
[FICSGamesDBGameNo "20000328"]
[White "firstbjb"]
[Black "krish"]
[WhiteElo "1604"]
[BlackElo "1642"]
[WhiteRD "na"]
[BlackRD "na"]
[TimeControl "300+0"]
[Date "1999.03.22"]
[Time "01:46:00"]
[WhiteClock "0:05:00.000"]
[BlackClock "0:05:00.000"]
[ECO "A45"]
[PlyCount "62"]
[Result "0-1"]

1. d4 Nf6 2. e3 g6 3. Bd3 Bg7 4. Nf3 O-O 5. O-O d6 6. b3 Nbd7 7. Bb2 c5 8. Nbd2 a6 9. Ne4 b5 10. dxc5 dxc5 11. Nxf6+ Nxf6 12. Qe2 Bb7 13. Rad1 Qc8 14. Be5 Rd8 15. c4 b4 16. Bg3 Ne4 17. Bxe4 Bxe4 18. Ne5 Qb7 19. f3 Bf5 20. e4 Be6 21. Rd2 Rxd2 22. Qxd2 Qb6 23. Rd1 a5 24. Qf4 a4 25. h3 axb3 26. axb3 Bf6 27. Ng4 Bd4+ 28. Kh2 h5 29. Ne3 f6 30. Nc2 h4 31. Nxd4 hxg3+ {White forfeits on time} 0-1

[Event "FICS rated standard game"]
[Site "FICS freechess.org"]
[FICSGamesDBGameNo "20000327"]
[White "ChessMonk"]
[Black "rsherry"]
[WhiteElo "1221"]
[BlackElo "1764"]
[WhiteRD "na"]
[BlackRD "na"]
[TimeControl "900+10"]
[Date "1999.03.21"]
[Time "19:46:00"]
[WhiteClock "0:15:00.000"]
[BlackClock "0:15:00.000"]
[ECO "A45"]
[PlyCount "84"]
[Result "0-1"]

1. d4 e6 2. e3 Nf6 3. Nc3 b6 4. Bb5 Bb7 5. Be2 Bxg2 6. Bf3 Bxh1 7. Bxa8 Bxa8 8. Nb5 Nc6 9. Qf3 a6 10. Nc3 Nxd4 11. exd4 Bxf3 12. Nxf3 Be7 13. Ne5 O-O 14. Bf4 c5 15. dxc5 Bxc5 16. f3 Bd4 17. O-O-O Bxc3 18. bxc3 Nd5 19. Bg3 Nxc3 20. Rxd7 Ne2+ 21. Kb1 Nxg3 22. Rxd8 Rxd8 23. Nc6 Nf1 24. Nxd8 Nxh2 25. f4 Nf3 26. Nc6 h5 27. Ne7+ Kh7 28. f5 e5 29. Kb2 h4 30. Kc3 Nd4 31. a4 h3 32. f6 gxf6 33. Nd5 h2 34. Nxf6+ Kg7 35. Nh5+ Kh6 36. Ng3 Kg5 37. Kd3 Nxc2 38. Ke2 f5 39. Kf2 b5 40. Nh1 bxa4 41. Kg2 a3 42. Kxh2 a2 {White resigns} 0-1

[Event "FICS rated blitz game"]
[Site "FICS freechess.org"]
[FICSGamesDBGameNo "20000326"]
[White "Strix"]
[Black "Feras"]
[WhiteElo "1413"]
[BlackElo "1341"]
[WhiteRD "na"]
[BlackRD "na"]
[TimeControl "120+12"]
[Date "1999.03.21"]
[Time "17:25:00"]
[WhiteClock "0:02:00.000"]
[BlackClock "0:02:00.000"]
[ECO "B54"]
[PlyCount "46"]
[Result "0-1"]

1. e4 c5 2. Nf3 d6 3. d4 cxd4 4. Nxd4 a6 5. f4 g6 6. Nc3 Bg7 7. Nf3 Bxc3+ 8. bxc3 Bg4 9. Be2 Nc6 10. Rb1 b5 11. Be3 Qa5 12. Nd4 Qxc3+ 13. Qd2 Qxd2+ 14. Kxd2 Bxe2 15. Nxe2 Nf6 16. Nc3 O-O 17. h3 Rac8 18. g4 Rfd8 19. g5 Ne8 20. Nd5 e6 21. Nc3 d5 22. Bb6 Rd7 23. Ke3 d4+ {White resigns} 0-1

[Event "FICS rated blitz game"]
[Site "FICS freechess.org"]
[FICSGamesDBGameNo "20000325"]
[White "Emyc"]
[Black "mate"]
[WhiteElo "1523"]
[BlackElo "1472"]
[WhiteRD "na"]
[BlackRD "na"]
[TimeControl "120+12"]
[Date "1999.03.21"]
[Time "10:35:00"]
[WhiteClock "0:02:00.000"]
[BlackClock "0:02:00.000"]
[ECO "D30"]
[PlyCount "109"]
[Result "1-0"]

1. d4 e6 2. c4 d5 3. cxd5 exd5 4. Nc3 Bb4 5. Bd2 Nc6 6. e3 a6 7. a3 Ba5 8. Bd3 b5 9. b4 Bb6 10. Nf3 Nce7 11. O-O Nf5 12. Rc1 Nf6 13. Qc2 Nd6 14. Ne5 Ng4 15. Nxg4 Bxg4 16. f3 Be6 17. Ne2 Nc4 18. Bxc4 dxc4 19. Bc3 O-O 20. Nf4 c6 21. Nxe6 fxe6 22. Rcd1 Qg5 23. Bd2 Bc7 24. f4 Qf5 25. Qxf5 Rxf5 26. Rf3 a5 27. Bc3 axb4 28. axb4 Ra3 29. Ba1 Rb3 30. Rg3 g6 31. Rf3 Rxb4 32. g4 Rf8 33. h4 h6 34. Kg2 Rb3 35. h5 b4 36. hxg6 c3 37. f5 exf5 38. gxf5 Rf6 39. e4 c2 40. Rc1 Rb1 41. Rff1 Rxc1 42. Rxc1 b3 43. d5 Bf4 44. Bxf6 Bxc1 45. d6 Bf4 46. d7 Bc7 47. Bb2 c5 48. e5 c4 49. e6 Bd8 50. f6 c3 51. e7 Bxe7 52. fxe7 cxb2 53. e8=Q+ Kg7 54. Qf7+ Kh8 55. Qh7# {Black checkmated} 1-0

[Event "FICS rated lightning game"]
[Site "FICS freechess.org"]
[FICSGamesDBGameNo "20000324"]
[White "kingcrimson"]
[Black "KillerQN"]
[WhiteElo "1576"]
[BlackElo "1997"]
[WhiteRD "na"]
[BlackRD "na"]
[TimeControl "120+1"]
[Date "1999.03.20"]
[Time "20:58:00"]
[WhiteClock "0:02:00.000"]
[BlackClock "0:02:00.000"]
[ECO "C00"]
[PlyCount "170"]
[Result "1/2-1/2"]

1. e4 e6 2. d4 a6 3. Nc3 b5 4. a4 Bb7 5. axb5 axb5 6. Rxa8 Bxa8 7. Nxb5 Bxe4 8. Bd3 Nf6 9. Bxe4 Nxe4 10. Nf3 Bb4+ 11. c3 Ba5 12. O-O c6 13. Qe2 Nxf2 14. Rxf2 cxb5 15. Qxb5 O-O 16. Ne5 d6 17. Nc6 Qd7 18. Ne7+ Qxe7 19. Qxa5 Nc6 20. Qh5 Ra8 21. h3 Ra1 22. Rf1 d5 23. Kh2 Na5 24. Qf3 Nc4 25. b3 Nd6 26. Bg5 f6 27. Rxa1 fxg5 28. Ra8+ Ne8 29. Qg3 Kf7 30. Qb8 Nf6 31. Ra7 Nd7 32. Qc8 Qd6+ 33. Kh1 Ke7 34. Rxd7+ Qxd7 35. Qxd7+ Kxd7 36. Kh2 h5 37. Kg3 Kd6 38. h4 e5 39. dxe5+ Kxe5 40. hxg5 g6 41. Kh4 Ke4 42. g4 hxg4 43. Kxg4 Kd3 44. c4 dxc4 45. bxc4 Kxc4 46. Kf4 Kd5 47. Kf3 Ke5 48. Kg4 Ke4 49. Kh4 Kf4 50. Kh3 Kxg5 51. Kg3 Kf5 52. Kf3 g5 53. Kg3 g4 54. Kg2 Kf4 55. Kf2 g3+ 56. Kg2 Kg4 57. Kg1 Kg5 58. Kg2 Kf4 59. Kg1 Kg4 60. Kg2 Kh4 61. Kg1 Kh3 62. Kh1 Kg4 63. Kg2 Kf4 64. Kf1 Ke4 65. Kg2 Kf4 66. Kg1 Kf5 67. Kg2 Kg4 68. Kg1 Kf3 69. Kf1 Ke3 70. Kg2 Kf4 71. Kg1 Ke5 72. Kg2 Kf4 73. Kg1 Ke4 74. Kg2 Kf4 75. Kg1 Kf3 76. Kf1 Ke3 77. Kg2 Kf4 78. Kg1 Kg5 79. Kg2 Kh4 80. Kg1 Kh5 81. Kg2 Kh4 82. Kg1 Kh3 83. Kh1 Kh4 84. Kg2 Kg4 85. Kg1 Kf3 {Game drawn by repetition} 1/2-1/2

[Event "FICS rated blitz game"]
[Site "FICS freechess.org"]
[FICSGamesDBGameNo "20000323"]
[White "yaroslav"]
[Black "DennyT"]
[WhiteElo "1199"]
[BlackElo "1263"]
[WhiteRD "na"]
[BlackRD "na"]
[TimeControl "240+12"]
[Date "1999.03.19"]
[Time "19:02:00"]
[WhiteClock "0:04:00.000"]
[BlackClock "0:04:00.000"]
[ECO "C00"]
[PlyCount "77"]
[Result "1-0"]

1. e4 e6 2. Nf3 d5 3. exd5 exd5 4. d4 c5 5. Qe2+ Qe7 6. dxc5 Qxe2+ 7. Bxe2 Bxc5 8. Nc3 Ne7 9. Bf4 O-O 10. O-O-O Bxf2 11. Nxd5 Nxd5 12. Rxd5 Be6 13. Rb5 b6 14. Ng5 Bd7 15. Rd5 Bc6 16. Rd2 Bc5 17. Nf3 Nd7 18. g4 Nf6 19. g5 Nd5 20. Be5 Ne7 21. Rhd1 Ng6 22. Nd4 Bxd4 23. Bxd4 Rfe8 24. Bc3 Nf4 25. Bc4 h6 26. g6 Nxg6 27. Rf1 Re7 28. Rg1 Kh7 29. Rf2 f6 30. Bd3 Be4 31. Bb4 Ree8 32. Bb5 Re5 33. Bc4 Rc8 34. Bb3 Bd5 35. Rfg2 Bxb3 36. axb3 Rg5 37. Rxg5 hxg5 38. Rd1 a5 39. Ba3 {Black resigns} 1-0

[Event "FICS rated blitz game"]
[Site "FICS freechess.org"]
[FICSGamesDBGameNo "20000321"]
[White "chaser"]
[Black "Bobbyboomer"]
[WhiteElo "2092"]
[BlackElo "1863"]
[WhiteRD "na"]
[BlackRD "na"]
[TimeControl "120+12"]
[Date "1999.03.19"]
[Time "18:54:00"]
[WhiteClock "0:02:00.000"]
[BlackClock "0:02:00.000"]
[ECO "B51"]
[PlyCount "65"]
[Result "1-0"]

1. e4 c5 2. Nf3 d6 3. Bb5+ Nd7 4. d4 Nf6 5. Nc3 e6 6. O-O Be7 7. e5 dxe5 8. dxe5 Ng8 9. Ne4 a6 10. Be2 b5 11. Nd6+ Bxd6 12. exd6 Ngf6 13. a4 Bb7 14. axb5 axb5 15. Rxa8 Qxa8 16. Bxb5 Bxf3 17. gxf3 O-O 18. Re1 Rb8 19. c4 Qa5 20. b3 Rxb5 21. cxb5 Qxb5 22. Bf4 c4 23. bxc4 Qxc4 24. Qd2 h6 25. Rc1 Qa6 26. Rc7 Qb5 27. Qc2 g6 28. Bxh6 Ne5 29. Qd1 Nd5 30. f4 Nd7 31. Qa1 N5f6 32. Rxd7 Kh7 33. Qxf6 {Black resigns} 1-0

[Event "FICS rated blitz game"]
[Site "FICS freechess.org"]
[FICSGamesDBGameNo "20000320"]
[White "perl"]
[Black "quique"]
[WhiteElo "1541"]
[BlackElo "1547"]
[WhiteRD "na"]
[BlackRD "na"]
[TimeControl "300+0"]
[Date "1999.03.19"]
[Time "16:18:00"]
[WhiteClock "0:05:00.000"]
[BlackClock "0:05:00.000"]
[ECO "B21"]
[PlyCount "80"]
[Result "0-1"]

1. e4 c5 2. d4 cxd4 3. c3 dxc3 4. Bc4 cxb2 5. Bxb2 d6 6. Qf3 Nf6 7. Ne2 Bg4 8. Qd3 Bxe2 9. Qxe2 Nc6 10. O-O e6 11. Nd2 Be7 12. Bxf6 Bxf6 13. Rad1 O-O 14. Nb3 Ne5 15. Bd3 Nxd3 16. Qxd3 Be7 17. f4 Rc8 18. Kh1 Qb6 19. f5 Bf6 20. Qxd6 Qxd6 21. Rxd6 exf5 22. exf5 Rcd8 23. Rdd1 Rxd1 24. Rxd1 Rd8 25. Rc1 b6 26. h3 g6 27. fxg6 hxg6 28. g4 Rd7 29. Rc8+ Kg7 30. Kg2 Re7 31. Kf3 a5 32. Rc6 Re6 33. Rc7 Rd6 34. Ke4 Bh4 35. Nd4 Bf2 36. Nf3 Re6+ 37. Kd3 Re3+ 38. Kd2 Rxf3 39. Re7 Rxh3 40. Re2 Bc5 {White resigns} 0-1

[Event "FICS rated blitz game"]
[Site "FICS freechess.org"]
[FICSGamesDBGameNo "20000319"]
[White "fly"]
[Black "Cortez"]
[WhiteElo "1182"]
[BlackElo "959"]
[WhiteRD "na"]
[BlackRD "na"]
[TimeControl "480+8"]
[Date "1999.03.19"]
[Time "13:28:00"]
[WhiteClock "0:08:00.000"]
[BlackClock "0:08:00.000"]
[ECO "A41"]
[PlyCount "57"]
[Result "1-0"]

1. d4 d6 2. e3 Bd7 3. Bd3 e5 4. c3 Nc6 5. Nd2 b6 6. Ne2 Nf6 7. O-O g6 8. Ba6 Be7 9. Bb7 Rb8 10. Bxc6 Bxc6 11. f3 O-O 12. Nc4 b5 13. Na5 Bd7 14. e4 exd4 15. Nxd4 Rb6 16. Be3 c5 17. Ne2 Ra6 18. Nb3 c4 19. Nbd4 d5 20. e5 Nh5 21. Nf4 Nxf4 22. Bxf4 Bg5 23. Qd2 Bxf4 24. Qxf4 g5 25. Qg3 Re8 26. f4 Rg6 27. Nf3 g4 28. Nh4 Rh6 29. Nf3 {Black forfeits on time} 1-0

[Event "FICS rated blitz game"]
[Site "FICS freechess.org"]
[FICSGamesDBGameNo "20000318"]
[White "Emyc"]
[Black "firstbjb"]
[WhiteElo "1509"]
[BlackElo "1607"]
[WhiteRD "na"]
[BlackRD "na"]
[TimeControl "240+6"]
[Date "1999.03.19"]
[Time "13:10:00"]
[WhiteClock "0:04:00.000"]
[BlackClock "0:04:00.000"]
[ECO "D10"]
[PlyCount "117"]
[Result "1/2-1/2"]

1. d4 d5 2. c4 c6 3. cxd5 Nf6 4. dxc6 Nxc6 5. e3 e6 6. Nf3 Bd6 7. Nc3 a6 8. Bd3 O-O 9. O-O h6 10. Ne4 Be7 11. Nxf6+ Bxf6 12. Bd2 Bd7 13. Bc3 Rc8 14. Rc1 Qb6 15. Ne5 Bxe5 16. dxe5 Rfd8 17. Qe2 Qc5 18. Bd2 Qxe5 19. Bc3 Qb8 20. Qg4 e5 21. Qg3 Be6 22. Bb1 f6 23. Qg6 Ne7 24. Qg3 Bf5 25. Bxf5 Nxf5 26. Qf3 Ne7 27. Qg3 Qd6 28. f4 exf4 29. Rxf4 Nd5 30. Rg4 Qxg3 31. Rxg3 Nxc3 32. Rxc3 Rxc3 33. bxc3 Rd3 34. e4 Rxg3 35. hxg3 Kf7 36. Kf2 Ke6 37. Ke3 Ke5 38. a4 b5 39. axb5 axb5 40. g4 g6 41. g3 f5 42. gxf5 gxf5 43. exf5 Kxf5 44. Kf3 h5 45. Ke3 Kg4 46. Kf2 Kf5 47. Kf3 Ke5 48. Ke3 Kf5 49. Kf3 Kg5 50. Kf2 Kg4 51. Kg2 Kf5 52. Kf3 Ke5 53. Ke3 Kf5 54. Kf3 Kg5 55. Kf2 Kg6 56. Kg2 Kf5 57. Kf3 Ke5 58. Ke3 Kf5 59. Kf3 {Game drawn by repetition} 1/2-1/2

[Event "FICS rated blitz game"]
[Site "FICS freechess.org"]
[FICSGamesDBGameNo "20000317"]
[White "SpeedConst"]
[Black "MansBlo"]
[WhiteElo "1433"]
[BlackElo "1469"]
[WhiteRD "na"]
[BlackRD "na"]
[TimeControl "180+0"]
[Date "1999.03.19"]
[Time "10:09:00"]
[WhiteClock "0:03:00.000"]
[BlackClock "0:03:00.000"]
[ECO "D00"]
[PlyCount "66"]
[Result "1-0"]

1. d4 d5 2. Nc3 Nf6 3. Nf3 Bf5 4. e3 c5 5. Bd3 Bg4 6. Be2 e6 7. Ne5 Bxe2 8. Qxe2 Nc6 9. Nxc6 bxc6 10. O-O c4 11. b3 cxb3 12. cxb3 c5 13. Ba3 Qb6 14. Bxc5 Bxc5 15. Na4 Qa5 16. Nxc5 O-O 17. Qa6 Qc3 18. a4 Ne4 19. Rac1 Qb2 20. Qd3 Nxc5 21. dxc5 Rfc8 22. Rc2 Qa3 23. Rfc1 Rab8 24. Qa6 Qxb3 25. Qxa7 Qxc2 26. Rf1 Qd3 27. h3 Ra8 28. Qb7 Qc4 29. Rb1 h5 30. a5 h4 31. a6 Qxc5 32. Rb5 Qa3 33. a7 Qxa7 {Black forfeits on time} 1-0

[Event "FICS rated blitz game"]
[Site "FICS freechess.org"]
[FICSGamesDBGameNo "20000316"]
[White "Decimator"]
[Black "Eremos"]
[WhiteElo "1687"]
[BlackElo "1602"]
[WhiteRD "na"]
[BlackRD "na"]
[TimeControl "600+0"]
[Date "1999.03.19"]
[Time "09:05:00"]
[WhiteClock "0:10:00.000"]
[BlackClock "0:10:00.000"]
[ECO "B23"]
[PlyCount "65"]
[Result "1-0"]

1. e4 c5 2. f4 e6 3. Nf3 Nc6 4. Nc3 d6 5. d3 Qc7 6. g3 Be7 7. Bg2 Bd7 8. O-O Nf6 9. a3 a5 10. Kh1 O-O 11. h3 Nd4 12. g4 Nxf3 13. Bxf3 b5 14. f5 exf5 15. gxf5 Rab8 16. Rg1 Rfe8 17. Bh6 Bf8 18. Qf1 g6 19. Bxf8 Rxf8 20. Nd1 Kh8 21. Ne3 c4 22. Rc1 c3 23. b3 b4 24. a4 Bc6 25. Qf2 Rbe8 26. Qh4 Qe7 27. Rce1 Ng8 28. Qg3 Nf6 29. Nc4 Rd8 30. e5 Bxf3+ 31. Qxf3 dxe5 32. Nxe5 Rde8 33. Nxg6+ {Black resigns} 1-0

[Event "FICS rated blitz game"]
[Site "FICS freechess.org"]
[FICSGamesDBGameNo "20000315"]
[White "sif"]
[Black "Cykor"]
[WhiteElo "1743"]
[BlackElo "1746"]
[WhiteRD "na"]
[BlackRD "na"]
[TimeControl "240+0"]
[Date "1999.03.19"]
[Time "07:04:00"]
[WhiteClock "0:04:00.000"]
[BlackClock "0:04:00.000"]
[ECO "B22"]
[PlyCount "117"]
[Result "1/2-1/2"]

1. e4 c5 2. c3 d5 3. exd5 Qxd5 4. Nf3 Bg4 5. Be2 e5 6. O-O Nc6 7. d4 cxd4 8. cxd4 Bxf3 9. Bxf3 Qxd4 10. Qb3 O-O-O 11. Be3 Qb4 12. Qxf7 Nf6 13. Nc3 Bc5 14. Nd5 Nxd5 15. Bxd5 Bxe3 16. fxe3 Qc5 17. Be6+ Kb8 18. Qf3 Rhf8 19. Qe2 Qb6 20. a3 Na5 21. Ba2 Nb3 22. Rxf8 Rxf8 23. Rf1 Rxf1+ 24. Kxf1 Qf6+ 25. Qf2 Qxf2+ 26. Kxf2 Nc5 27. Kf3 Kc7 28. Kg4 Kd6 29. h4 Nd3 30. h5 Nxb2 31. Kf5 Nd3 32. g4 Nc5 33. h6 g6+ 34. Kf6 Ne4+ 35. Kg7 Nf2 36. Kxh7 Nxg4 37. Kxg6 Nxh6 38. Kxh6 a6 39. e4 b5 40. Kg6 a5 41. Kf6 b4 42. axb4 axb4 43. Kf5 Kc5 44. Bb3 Kd4 45. Bd5 Kc3 46. Kxe5 b3 47. Bxb3 Kxb3 48. Kd5 Kc3 49. e5 Kd3 50. e6 Kc3 51. e7 Kc2 52. e8=Q Kc3 53. Qe4 Kb2 54. Kc5 Kb3 55. Kb5 Kc3 56. Qf3+ Kd4 57. Kc6 Ke5 58. Qf4+ Ke6 59. Qe4+ {White ran out of time and Black has no material to mate} 1/2-1/2